 Dungeon Crawl Stone Soup version 0.30.0-29-ga12c61a403 (webtiles) character file.

Game seed: 6597091953911295644

7711 qw the Cleaver (level 11, -1/68 HPs)
             Began as a Gargoyle Fighter on June 2, 2023.
             Was a Priest of Okawaru.
             Killed from afar by Erica (15 damage)
             ... with a lance of force
             ... on level 10 of the Dungeon.
             The game lasted 00:04:15 (8676 turns).

qw the Cleaver (Gargoyle Fighter)                   Turns: 8676, Time: 00:04:16

Health: -1/68      AC: 29    Str: 31    XL:     11   Next: 19%
Magic:  14/14      EV: 10    Int: 11    God:    Okawaru [***...]
Gold:   410        SH:  6    Dex: 12    Spells: 10/10 levels left

rFire   + + .        Y - +1 war axe (heavy)
rCold   + . .        c - +0 buckler
rNeg    + . .        b - +0 plate armour
rPois   inf          p - +0 helmet
rElec   +            B - scarf {rC+ rF+}
rCorr   +            n - +1 pair of gloves of the Arcane {Fly Regen+ rCorr}
SInv    .            o - +0 pair of boots
Will    .....        j - amulet of Nilos {RegenMP rPois rCorr Dex+3}
Stlth   x              - ring of protection from fire
HPRegen 1.11/turn    y - ring of Jualaako {Str+6 Int+3}
MPRegen 0.54/turn

%: no passive effects
@: about to teleport, heroic, flying
A: sickness immunity, AC +8, negative energy resistance 1, electricity
resistance, torment resistance 1, petrification resistance
a: Renounce Religion, Heroism


You were on level 10 of the Dungeon.
You worshipped Okawaru.
Okawaru was most pleased with you.
You visited 2 branches of the dungeon, and saw 11 of its levels.

You collected 641 gold pieces.
You spent 231 gold pieces at shops.


Innate Abilities, Weirdness & Mutations

You are immune to sickness and miasma.
Your stone body is resilient. (AC +8)
You are immune to poison.
You resist negative energy. (rN+)
You are resistant to electric shocks. (rElec)
You are resistant to unholy torment.
You are immune to petrification.


   Skills:
 - Level 8.0(13.0) Fighting
 - Level 11.1(16.1) Axes
 - Level 4.0(9.0) Throwing
 + Level 7.6(12.6) Armour
 - Level 2.0(7.0) Dodging
 - Level 5.1(10.1) Shields
 - Level 4.6 Invocations


You had 10 spell levels left.
You didn't know any spells.
Your spell library was empty.

Inventory:

Hand Weapons
 l - a +0 flail of protection
 Y - a +1 heavy war axe (weapon)
Missiles
 r - 5 boomerangs
 z - 4 javelins
 C - 3 silver javelins (quivered)
Armour
 b - a +0 plate armour (worn)
 c - a +0 buckler (worn)
 i - a +2 scale mail of fire resistance
 n - the +1 pair of gloves of the Arcane (worn) {Fly Regen+ rCorr}
   (You acquired it on level 9 of the Dungeon)

   Fly:       It grants you flight.
   Regen:     It increases your rate of health regeneration.
   rCorr:     It protects you from acid and corrosion.
 o - a +0 pair of boots (worn)
 p - a +0 helmet (worn)
 s - a +2 cloak
 B - a scarf of resistance (worn)
Jewellery
 j - the amulet of Nilos (around neck) {RegenMP rPois rCorr Dex+3}
   (You found it on level 4 of the Dungeon)

   [amulet of magic regeneration]

   It increases your rate of magic regeneration.
   Dex:       It affects your dexterity (+3).
   rPois:     It protects you from poison.
   rCorr:     It protects you from acid and corrosion.
 w - a ring of resist corrosion
 x - a ring of protection from fire (left hand)
 y - the ring of Jualaako (right hand) {Str+6 Int+3}
   (You took it off an orc on level 6 of the Dungeon)

   [ring of strength]

   Str:       It affects your strength (+6).
   Int:       It affects your intelligence (+3).
Wands
 h - a wand of digging (8)
Scrolls
 g - a scroll of identify
Potions
 d - a potion of might
 e - 2 potions of mutation
 k - 4 potions of curing
 m - 2 potions of cancellation
 q - 2 potions of haste
 u - a potion of lignification
 v - a potion of attraction {unknown}

Dungeon Overview and Level Annotations

Branches:
Dungeon (10/15)            Temple (1/1) D:6             Orc (0/2) D:9
   Lair: D:8-11

Altars:
Ashenzari
Cheibriados
Dithmenos
Elyvilon
Fedhas
Gozag
Hepliaklqana
Kikubaaqudgha
Makhleb
Nemelex Xobeh
Okawaru
Qazlal
Ru
Sif Muna
Trog
Uskayaw
Vehumet
Wu Jian
Xom
Yredelemnul
Zin
The Shining One

Shops:
D:3 =   D:5 [

Annotations:
D:3 1 runed translucent door, Crazy Yiuf
D:10 Erica, Josephine


Message History

Okawaru accepts your kill.
You closely miss the wraith. x2; You slice the yak!!
You kill the yak!
Okawaru accepts your kill.
You slash the yak! x2
You kill the yak!
Okawaru accepts your kill. The yak gores you!
The wraith hits you but does no damage. The wraith closely misses you.
Your base Throwing skill increases to level 4!
8673 ||| READING scroll of teleportation.
As you read the scroll of teleportation, it crumbles to dust.
You feel strangely unstable. The yak gores you but does no damage.
You block the wraith's attack. The wraith hits you but does no damage.
You chop the wraith into pieces!!!
You destroy the wraith!
Okawaru accepts your kill.
Okawaru will now gift you throwing weapons as you gain piety.
You slash the wraith! You hit the yak. You slash Josephine! The yak gores you.
You block Josephine's attack. The wraith hits you but does no damage.
You barely miss the wraith.
The wraith is heavily damaged.
You slice the yak!!
You kill the yak!
Okawaru accepts your kill.
You hit Josephine but do no damage. You slice something!!
You barely miss the yak. The yak closely misses you.
Something hits you but does no damage. Josephine hits you but does no damage.
You block the wraith's attack.
You slash the wraith!
The wraith is almost destroyed.
You closely miss the wraith. You slash Josephine! You slice something!!
You slice the yak!! The yak gores you but does no damage.
You hear some strange, mumbled words.
A lance of force appears from out of thin air!
The lance of force hits you!
You die...

#.## #.# #.# #..#.# #.#
##.#.## #####.#### ?..##
#........# #...#
#........# #.#.###..
#........# #......
#........#######.{.##..#
#........).....%@Y......
#........#####.W@W>##..#
#........# #.#W#..#
#........# #.#.##...#
########## #.#W# .#.#
..#.# # # .##.# .. ...
.> ..


You could see Josephine, a yak and 4 wraiths.

Vanquished Creatures
  An ugly thing (D:6)
  A gargoyle (D:10)
  A troll (D:9)
  3 shadows (D:9)
  A wraith (D:10)
  2 wyverns (D:9)
  Eustachio (D:5)
  10 yaks
  Menkaure (D:6)
  An acid dragon (D:10)
  Edmund (D:4)
  A water moccasin (D:7)
  4 ice beasts
  2 black bears
  5 orc warriors
  3 sky beasts
  An ogre (D:4)
  3 centaurs
  3 phantoms
  2 bullfrogs
  4 scorpions
  6 howler monkeys
  A quasit (D:7)
  3 jellies
  2 gnoll boudas
  5 orc priests
  4 hounds
  3 sleepcaps
  Jessica (D:3)
  5 iguanas
  Ijyb (D:4)
  12 orc wizards
  A scorpion zombie (D:4)
  4 hound zombies (D:4)
  2 howler monkey zombies (D:4)
  7 adders
  12 gnolls
  A white imp (D:8)
  An ufetubus (D:4)
  4 adder zombies (D:4)
  2 adder skeletons (D:4)
  A worm (D:5)
  4 dart slugs
  60 orcs
  6 endoplasms
  A giant cockroach (D:1)
  8 goblins
  11 hobgoblins
  3 jackals (D:2)
  8 kobolds
  A quokka (D:4)
  7 ball pythons
  8 bats
  A frilled lizard (D:2)
  A goblin skeleton (D:7)
  2 hobgoblin zombies (D:7)
  A kobold skeleton (D:7)
  2 orc zombies (D:7)
  4 rats
257 creatures vanquished.

Notes
Turn   | Place    | Note
-------+----------+-------------------------------------------
     0 | D:1      | qw the Gargoyle Fighter began the quest for the Orb.
     0 | D:1      | Reached XP level 1. HP: 14/14 MP: 1/1
     0 | D:1      | 0 ||| qw: Version: 0.2-a-102-gdf20003
     0 | D:1      | 0 ||| qw: Game counter: 942
     0 | D:1      | 0 ||| qw: Always use a shield: true
     0 | D:1      | 0 ||| qw: God list: Okawaru
     0 | D:1      | 0 ||| qw: Allow faded altars: false
     0 | D:1      | 0 ||| qw: Do Orc after D:15 true
     0 | D:1      | 0 ||| qw: Do second Lair branch before Depths: true
     0 | D:1      | 0 ||| qw: Lair rune preference: random
     0 | D:1      | 0 ||| qw: Plans: Normal, Zot:1-4, Slime:5, God:TSO, Crypt,
                  | Tomb, Pan, Hells, Abyss, Win
     0 | D:1      | 0 ||| PLANNING D:1-11
    71 | D:1      | 71 ||| Stepping ~*~*~tactically~*~*~ (stealth).
    76 | D:1      | Reached skill level 2 in Axes
   109 | D:1      | Reached XP level 2. HP: 19/19 MP: 2/2
   407 | D:1      | 407 ||| Stepping ~*~*~tactically~*~*~ (hiding).
   411 | D:1      | 411 ||| Stepping ~*~*~tactically~*~*~ (hiding).
   523 | D:1      | Reached skill level 3 in Axes
   539 | D:1      | 539 ||| Stepping ~*~*~tactically~*~*~ (hiding).
   547 | D:1      | Reached XP level 3. HP: 23/23 MP: 3/3
  1278 | D:1      | 1278 ||| UPGRADING to amulet of guardian spirit.
  1283 | D:1      | 1283 ||| READING 2 scrolls labelled SAELYCAICH.
  1284 | D:1      | 1284 ||| DRINKING 2 inky potions.
  1285 | D:1      | 1285 ||| DROPPING scroll of poison.
  1312 | D:2      | 1312 ||| Stepping ~*~*~tactically~*~*~ (hiding).
  1317 | D:2      | 1317 ||| Stepping ~*~*~tactically~*~*~ (hiding).
  1324 | D:2      | Reached skill level 4 in Axes
  1324 | D:2      | Reached XP level 4. HP: 21/28 MP: 4/4
  1520 | D:2      | 1520 ||| Stepping ~*~*~tactically~*~*~ (stealth).
  1521 | D:2      | 1521 ||| Stepping ~*~*~tactically~*~*~ (stealth).
  1524 | D:2      | 1524 ||| Stepping ~*~*~tactically~*~*~ (hiding).
  1525 | D:2      | 1525 ||| Stepping ~*~*~tactically~*~*~ (hiding).
  1526 | D:2      | 1526 ||| Stepping ~*~*~tactically~*~*~ (hiding).
  1530 | D:2      | 1530 ||| Stepping ~*~*~tactically~*~*~ (hiding).
  1533 | D:2      | 1533 ||| Stepping ~*~*~tactically~*~*~ (stealth).
  1797 | D:2      | 1797 ||| UPGRADING to +0 pair of gloves.
  1802 | D:2      | 1802 ||| DROPPING amulet of magic regeneration.
  1803 | D:2      | 1803 ||| READING scroll labelled ESOCIL ASATEPT.
  1803 | D:2      | Identified a scroll of acquirement
  1803 | D:2      | 1803 ||| ACQUIRING +0 pair of fencer's gloves {Riposte
                  | Dex+3}
  1803 | D:2      | Acquired the +0 pair of fencer's gloves {Riposte Dex+3}
  1803 | D:2      | Found the +0 pair of fencer's gloves {Riposte Dex+3}
  1805 | D:2      | 1805 ||| UPGRADING to +0 pair of fencer's gloves {Riposte
                  | Dex+3}.
  1815 | D:2      | 1815 ||| DROPPING +0 pair of gloves.
  1816 | D:2      | 1816 ||| READING scroll labelled BESMAEPL XEBB.
  1817 | D:2      | 1817 ||| READING scroll labelled AXZUKY NUDOGRA.
  1818 | D:2      | 1818 ||| READING scroll labelled SUHUSM PUCVU.
  1848 | D:3      | Noticed Jessica
  1854 | D:3      | Killed Jessica
  1855 | D:3      | Reached skill level 1 in Dodging
  1855 | D:3      | Reached XP level 5. HP: 23/32 MP: 3/5
  1951 | D:3      | 1951 ||| Stepping ~*~*~tactically~*~*~ (stealth).
  1957 | D:3      | 1957 ||| Stepping ~*~*~tactically~*~*~ (hiding).
  1958 | D:3      | 1958 ||| Stepping ~*~*~tactically~*~*~ (hiding).
  2038 | D:3      | Found a hide-covered altar of Uskayaw.
  2157 | D:3      | Found a shimmering altar of Xom.
  2190 | D:3      | Found a runed translucent door.
  2191 | D:3      | Noticed Crazy Yiuf
  2254 | D:3      | Found a hazy altar of Hepliaklqana.
  2266 | D:3      | 2266 ||| Stepping ~*~*~tactically~*~*~ (stealth).
  2294 | D:3      | 2294 ||| DROPPING +0 whip.
  2517 | D:3      | Found Ixkir's Jewellery Boutique.
  2525 | D:3      | 2525 ||| SHOPLISTING +4 ring of slaying (858 gold, have
                  | 164).
  2525 | D:3      | 2525 ||| SHOPLISTING +5 ring of evasion (396 gold, have
                  | 164).
  2525 | D:3      | 2525 ||| SHOPLISTING amulet of faith (440 gold, have 164).
  2525 | D:3      | 2525 ||| SHOPLISTING amulet of regeneration (330 gold, have
                  | 164).
  2525 | D:3      | 2525 ||| SHOPLISTING ring of fire (275 gold, have 164).
  2525 | D:3      | 2525 ||| SHOPLISTING ring of willpower (275 gold, have
                  | 164).
  2577 | D:3      | Reached skill level 5 in Axes
  2912 | D:3      | 2912 ||| UPGRADING to +2 scale mail of fire resistance.
  2922 | D:3      | 2922 ||| DROPPING +0 scale mail.
  2923 | D:3      | 2923 ||| DRINKING 2 metallic dark potions.
  2924 | D:3      | 2924 ||| READING 2 scrolls of identify.
  2924 | D:3      | 2924 ||| IDENTIFYING fizzy golden potion
  2925 | D:3      | 2925 ||| DROPPING potion of brilliance.
  3003 | D:4      | Reached XP level 6. HP: 34/37 MP: 4/6
  3102 | D:4      | Noticed Edmund
  3120 | D:4      | Killed Edmund
  3220 | D:4      | 3220 ||| DROPPING +0 flail.
  3222 | D:4      | Identified the amulet of Nilos {RegenMP rPois rCorr Dex+3}
  3240 | D:4      | Noticed Ijyb
  3257 | D:4      | Killed Ijyb
  3319 | D:4      | HP: 10/40 [gnoll/+0 halberd[a gnoll bouda] (7)]
  3320 | D:4      | 3320 ||| DRINKING potion of heal wounds.
  3330 | D:4      | Reached XP level 7. HP: 12/44 MP: 0/7
  3333 | D:4      | HP: 11/44 [gnoll/+0 flail[a gnoll bouda] (3)]
  3334 | D:4      | Reached skill level 6 in Axes
  3619 | D:4      | 3619 ||| Stepping ~*~*~tactically~*~*~ (stealth).
  3631 | D:4      | Reached skill level 7 in Axes
  3651 | D:4      | Reached XP level 8. HP: 27/49 MP: 5/8
  3700 | D:4      | 3700 ||| Stepping ~*~*~tactically~*~*~ (stealth).
  4279 | D:4      | 4279 ||| UPGRADING to +0 helmet.
  4284 | D:4      | 4284 ||| UPGRADING to amulet of Nilos {RegenMP rPois rCorr
                  | Dex+3}.
  4294 | D:4      | 4294 ||| READING scroll labelled BOWKEA MOST.
  4295 | D:4      | 4295 ||| STAIRDANCE
  4299 | D:3      | 4299 ||| READING scroll labelled HOATYEB LOEHUPU.
  4300 | D:3      | 4300 ||| READING 2 scrolls labelled CEKEFE ZIAFAS.
  4301 | D:3      | 4301 ||| DROPPING scroll of amnesia.
  4386 | D:5      | Entered Level 5 of the Dungeon
  4405 | D:5      | Reached skill level 1 in Throwing
  4542 | D:5      | Found a blossoming altar of Fedhas.
  4594 | D:5      | Noticed Eustachio
  4611 | D:5      | Killed Eustachio
  4612 | D:5      | Reached skill level 8 in Axes
  4612 | D:5      | Found Hisch's Armour Emporium.
  4626 | D:5      | 4626 ||| BUYING +2 cloak (231 gold).
  4626 | D:5      | Bought a +2 cloak for 231 gold pieces
  4626 | D:5      | 4626 ||| SHOPLISTING +2 cloak of the Thief {*Fog Slay-2
                  | SInv Stlth+} (281 gold, have 18).
  4650 | D:5      | 4650 ||| Stepping ~*~*~tactically~*~*~ (stealth).
  4655 | D:5      | 4655 ||| Stepping ~*~*~tactically~*~*~ (stealth).
  4659 | D:5      | 4659 ||| Stepping ~*~*~tactically~*~*~ (stealth).
  4662 | D:5      | 4662 ||| Stepping ~*~*~tactically~*~*~ (hiding).
  4772 | D:5      | 4772 ||| UPGRADING to +2 cloak.
  4804 | D:6      | Found a staircase to the Ecumenical Temple.
  4805 | D:6      | 4805 ||| PLANNING TEMPLE
  4808 | D:6      | 4808 ||| Stepping ~*~*~tactically~*~*~ (stealth).
  4809 | D:6      | 4809 ||| Stepping ~*~*~tactically~*~*~ (stealth).
  4831 | Temple   | Entered the Ecumenical Temple
  4843 | Temple   | 4843 ||| PLANNING OKAWARU WORSHIP
  5072 | Temple   | Became a worshipper of Warmaster Okawaru
  5072 | Temple   | 5072 ||| PLANNING D:1-11
  5073 | Temple   | 5073 ||| DROPPING amulet of guardian spirit.
  5182 | D:6      | Reached skill level 6 in Fighting
  5187 | D:6      | 5187 ||| Stepping ~*~*~tactically~*~*~ (stealth).
  5201 | D:6      | Reached XP level 9. HP: 55/55 MP: 9/9
  5234 | D:6      | Reached skill level 9 in Axes
  5253 | D:6      | Noticed Menkaure
  5263 | D:6      | Killed Menkaure
  5263 | D:6      | Reached * piety under Okawaru
  5324 | D:6      | 5324 ||| Stepping ~*~*~tactically~*~*~ (stealth).
  5326 | D:6      | 5326 ||| Stepping ~*~*~tactically~*~*~ (hiding).
  5337 | D:6      | Reached skill level 3 in Throwing
  5346 | D:6      | Reached skill level 1 in Invocations
  5359 | D:6      | 5359 ||| Stepping ~*~*~tactically~*~*~ (stealth).
  5365 | D:6      | 5365 ||| Stepping ~*~*~tactically~*~*~ (stealth).
  5405 | D:6      | 5405 ||| INVOKING Heroism.
  5418 | D:6      | 5418 ||| INVOKING Heroism.
  5428 | D:6      | Reached skill level 3 in Invocations
  5452 | D:6      | 5452 ||| Stepping ~*~*~tactically~*~*~ (stealth).
  5459 | D:6      | 5459 ||| Stepping ~*~*~tactically~*~*~ (stealth).
  5460 | D:6      | 5460 ||| Stepping ~*~*~tactically~*~*~ (stealth).
  5461 | D:6      | 5461 ||| Stepping ~*~*~tactically~*~*~ (stealth).
  5474 | D:6      | Noticed a purple ugly thing
  5486 | D:6      | 5486 ||| INVOKING Heroism.
  5490 | D:6      | Killed a purple ugly thing
  5498 | D:6      | 5498 ||| FLEEEEING.
  5499 | D:6      | 5499 ||| FLEEEEING.
  5531 | D:6      | 5531 ||| FLEEEEING.
  5532 | D:6      | 5532 ||| FLEEEEING.
  5533 | D:6      | 5533 ||| FLEEEEING.
  5534 | D:6      | 5534 ||| FLEEEEING.
  5669 | D:6      | 5669 ||| Stepping ~*~*~tactically~*~*~ (stealth).
  5685 | D:6      | 5685 ||| INVOKING Heroism.
  5712 | D:6      | Identified the ring of Jualaako {Str+6 Int+3}
  5904 | D:6      | 5904 ||| Stepping ~*~*~tactically~*~*~ (stealth).
  5905 | D:6      | 5905 ||| Stepping ~*~*~tactically~*~*~ (stealth).
  6046 | D:6      | 6046 ||| UPGRADING to +0 plate armour.
  6056 | D:6      | 6056 ||| DROPPING +0 chain mail.
  6057 | D:6      | 6057 ||| DROPPING +3 ring mail of cold resistance.
  6058 | D:6      | 6058 ||| UPGRADING to scarf of resistance.
  6068 | D:6      | 6068 ||| UPGRADING to ring of protection from fire.
  6069 | D:6      | 6069 ||| UPGRADING to ring of Jualaako {Str+6 Int+3}.
  6070 | D:6      | 6070 ||| READING scroll labelled KITAUSHU KEAK.
  6171 | D:6      | 6171 ||| READING 2 scrolls labelled EVUKET PEISYI.
  6172 | D:6      | 6172 ||| DRINKING 4 emerald potions.
  6173 | D:6      | 6173 ||| READING 2 scrolls of identify.
  6173 | D:6      | 6173 ||| IDENTIFYING bubbling ruby potion
  6174 | D:6      | 6174 ||| DROPPING scroll of butterflies.
  6197 | D:7      | 6197 ||| INVOKING Heroism.
  6205 | D:7      | 6205 ||| DRINKING 3 potions of curing.
  6205 | D:7      | 6205 ||| (to cure confusion)
  6257 | D:7      | 6257 ||| INVOKING Heroism.
  6384 | D:7      | 6384 ||| INVOKING Heroism.
  6386 | D:7      | Reached XP level 10. HP: 63/63 MP: 11/13
  6420 | D:7      | 6420 ||| Stepping ~*~*~tactically~*~*~ (stealth).
  6422 | D:7      | 6422 ||| Stepping ~*~*~tactically~*~*~ (stealth).
  6429 | D:7      | Reached skill level 6 in Armour
  6492 | D:7      | 6492 ||| Stepping ~*~*~tactically~*~*~ (stealth).
  6493 | D:7      | 6493 ||| Stepping ~*~*~tactically~*~*~ (stealth).
  6638 | D:7      | Found a glowing golden altar of the Shining One.
  6649 | D:7      | 6649 ||| Stepping ~*~*~tactically~*~*~ (hiding).
  6650 | D:7      | 6650 ||| Stepping ~*~*~tactically~*~*~ (hiding).
  6652 | D:7      | 6652 ||| Stepping ~*~*~tactically~*~*~ (hiding).
  6661 | D:7      | 6661 ||| DRINKING 2 potions of curing.
  6661 | D:7      | 6661 ||| (to cure confusion)
  6664 | D:7      | 6664 ||| DRINKING potion of curing.
  6664 | D:7      | 6664 ||| (to cure confusion)
  6670 | D:7      | 6670 ||| INVOKING Heroism.
  6806 | D:7      | 6806 ||| Stepping ~*~*~tactically~*~*~ (hiding).
  6808 | D:7      | 6808 ||| Stepping ~*~*~tactically~*~*~ (hiding).
  6915 | D:7      | Found a shadowy altar of Dithmenos.
  7056 | D:7      | 7056 ||| UPGRADING to +0 pair of boots.
  7061 | D:7      | 7061 ||| READING scroll labelled ZOSONETZUOCI.
  7062 | D:7      | 7062 ||| READING scroll labelled QYMU ANAVVA.
  7063 | D:7      | 7063 ||| READING 2 scrolls of identify.
  7063 | D:7      | 7063 ||| IDENTIFYING fuming silvery potion
  7187 | D:8      | Reached skill level 10 in Axes
  7496 | D:8      | 7496 ||| Stepping ~*~*~tactically~*~*~ (hiding).
  7643 | D:8      | Found a stormy altar of Qazlal.
  7652 | D:8      | Found a bloodstained altar of Trog.
  7863 | D:8      | 7863 ||| READING scroll labelled MYUBAD NIGIX.
  7864 | D:8      | 7864 ||| READING scroll labelled DOEMIL PASMUE.
  7865 | D:8      | 7865 ||| READING 2 scrolls of identify.
  7865 | D:8      | 7865 ||| IDENTIFYING green potion
  7983 | D:9      | 7983 ||| READING scroll of acquirement.
  7983 | D:9      | 7983 ||| ACQUIRING +1 pair of gloves of the Arcane {Fly
                  | Regen+ rCorr}
  7983 | D:9      | Acquired the +1 pair of gloves of the Arcane {Fly Regen+
                  | rCorr}
  7985 | D:9      | 7985 ||| UPGRADING to +1 pair of gloves of the Arcane {Fly
                  | Regen+ rCorr}.
  7995 | D:9      | 7995 ||| DROPPING +0 pair of fencer's gloves {Riposte
                  | Dex+3}.
  8102 | D:9      | 8102 ||| INVOKING Heroism.
  8114 | D:9      | 8114 ||| Stepping ~*~*~tactically~*~*~ (hiding).
  8115 | D:9      | 8115 ||| Stepping ~*~*~tactically~*~*~ (hiding).
  8129 | D:9      | 8129 ||| Stepping ~*~*~tactically~*~*~ (stealth).
  8144 | D:9      | 8144 ||| INVOKING Heroism.
  8151 | D:9      | Reached ** piety under Okawaru
  8201 | D:9      | Found a staircase to the Orcish Mines.
  8202 | D:9      | 8202 ||| Stepping ~*~*~tactically~*~*~ (hiding).
  8204 | D:9      | 8204 ||| Stepping ~*~*~tactically~*~*~ (hiding).
  8207 | D:9      | 8207 ||| INVOKING Heroism.
  8330 | D:9      | Reached XP level 11. HP: 68/68 MP: 14/14
  8537 | D:9      | 8537 ||| READING scroll labelled VOFREX DEING.
  8538 | D:9      | 8538 ||| READING scroll labelled TIOMAI HOIGG.
  8539 | D:9      | 8539 ||| READING 2 scrolls of identify.
  8539 | D:9      | 8539 ||| IDENTIFYING bubbling clear potion
  8540 | D:9      | 8540 ||| DROPPING potion of ambrosia.
  8572 | D:10     | Entered Level 10 of the Dungeon
  8632 | D:10     | 8632 ||| Stepping ~*~*~tactically~*~*~ (hiding).
  8639 | D:10     | 8639 ||| INVOKING Heroism.
  8641 | D:10     | Reached skill level 11 in Axes
  8665 | D:10     | Noticed Josephine
  8667 | D:10     | Noticed Erica
  8668 | D:10     | 8668 ||| INVOKING Heroism.
  8672 | D:10     | HP: 16/68 [yak (8)]
  8673 | D:10     | 8673 ||| READING scroll of teleportation.
  8674 | D:10     | Reached *** piety under Okawaru
  8676 | D:10     | Killed from afar by Erica

Levels and vault maps discovered:
D:1:      dpeg_arrival_windows_large_door, layout_basic
D:2:      layout_rooms, hex_tiny
D:3:      minmay_evil_eye, layout_basic, mainiacjoe_overflow_six_doors_small,
          mainiacjoe_overflow_swirl, serial_shops, shop, minmay_misc_feat_x,
          uniq_jessica, uniq_crazy_yiuf_cottage
D:4:      layout_basic, serial_undead, serial_undead_a, serial_undead_a,
          serial_undead_a, serial_undead_c, uniq_ijyb, uniq_edmund
D:5:      layout_rooms, fedhas_altar_2, serial_shops, shop, uniq_eustachio
D:6:      hangedman_cross_stitches, layout_loops_ring,
          minmay_temple_entry_mini_moons, uniq_menkaure
D:7:      kennysheep_spiral_hall, layout_basic, grunt_dithmenos_smoke,
          nicolae_tso_besieged_by_evil
D:8:      layout_loops_ring, minitemple
D:9:      layout_basic, david_orc_2, kennysheep_donut, nrook_mini_backslash
D:10:     layout_rooms, uniq_josephine, uniq_erica
Temple:   eino_temple_water

Skill      XL: |  1  2  3  4  5  6  7  8  9 10 11 |
---------------+----------------------------------+-----
Axes           | 2 3 4 5 7 8 9 10 11 | 11.1
Dodging        | 1 2 |  2.0
Fighting       | 4 5 6 7 8 |  8.0
Throwing       | 2 3 4 |  4.0
Invocations    | 4 |  4.6
Shields        | 4 5 |  5.1
Armour         | 5 7 |  7.6

Action                     |  1- 3 |  4- 6 |  7- 9 | 10-12 || total
---------------------------+-------+-------+-------+-------++-------
  Melee: War axe           |    57 |   143 |   240 |   196 ||   636
  Throw: Boomerang         |    19 |    16 |    16 |       ||    51
         Javelin           |       |       |    44 |    37 ||    81
 Invoke: Heroism           |       |       |     7 |     6 ||    13
    Use: Scroll            |     1 |     5 |     6 |    11 ||    23
         Potion            |     1 |     2 |     2 |     2 ||     7
 Armour: Scale mail        |    29 |    96 |   122 |       ||   247
         Plate armour      |       |       |    10 |   113 ||   123
  Dodge: Dodged            |    19 |    75 |    98 |    62 ||   254
  Block: Buckler           |     8 |    31 |    44 |    52 ||   135
Riposte: War axe           |       |    26 |    48 |    16 ||    90

Table legend:
 A = Non-vault XP
 B = Vault XP
 C = Vault XP percentage of total XP
 D = Non-vault monster count
 E = Vault monster count
 F = Vault count percentage of total count
                 A         B        C        D         E       F
            +---------+---------+-------+---------+---------+-------
      Total |    8632 |    2384 |  21.6 |     210 |      47 |  18.3
            +---------+---------+-------+---------+---------+-------
        D:1 |      50 |       0 |   0.0 |      27 |       0 |   0.0
        D:2 |      83 |       0 |   0.0 |      23 |       0 |   0.0
        D:3 |     133 |      39 |  22.7 |      23 |       2 |   8.0
        D:4 |     748 |     359 |  32.4 |      27 |      15 |  35.7
        D:5 |     410 |     197 |  32.5 |      13 |       1 |   7.1
        D:6 |    1096 |    1141 |  51.0 |      21 |       9 |  30.0
        D:7 |    1399 |     280 |  16.7 |      32 |      11 |  25.6
        D:8 |     592 |       0 |   0.0 |      16 |       0 |   0.0
        D:9 |    2759 |     154 |   5.3 |      22 |       8 |  26.7
       D:10 |    1362 |     214 |  13.6 |       6 |       1 |  14.3
            +---------+---------+-------+---------+---------+-------
